[Event "Titled Tuesday Blitz August 31 2021"]
[White "Costachi, Mihnea"]
[Black "Sengupta, Deep"]
[WhiteFideId "1217518"]
[BlackFideId "5008352"]
[WhiteElo "2482"]
[BlackElo "2347"]
[Result "0-1"]
[Round "09"]
[TimeControl "180+1"]
[Date "2021.08.31"]
[WhiteClock "0:00:18"]
[BlackClock "0:00:08"]

1. d4 e6 2. c4 b6 3. e4 Bb7 4. Bd3 Bb4+ 5. Bd2 Bxd2+ 6. Qxd2 Qe7 7. Nc3 d6 8. f4 Nd7 9. Nf3 O-O-O 10. b4 e5 11. O-O Ngf6 12. d5 exf4 13. Qxf4 Rhe8 14. a4 Ne5 15. Nxe5 Qxe5 16. Qxe5 Rxe5 17. a5 Kb8 18. axb6 axb6 19. c5 c6 20. dxc6 dxc5 21. cxb7 Rxd3 22. Nd5 Nxd5 23. exd5 Rexd5 24. bxc5 bxc5 25. Rxf7 Rd7 26. Rf5 c4 27. Rc5 c3 28. Rb1 Rxb7 29. Rc1 Rc7 30. Rb5+ Kc8 31. Kf2 Rd2+ 32. Kf3 c2 33. Rb2 Rc3+ 34. Kf4 Rxg2 35. h4 h5 36. Kf5 Rc6 37. Ke5 Kd7 38. Rb7+ Rc7 39. Rb6 Ke7 40. Re6+ Kf7 41. Ra6 Re2+ 42. Kf5 Rd2 43. Ra2 Rc5+ 44. Kf4 Rc4+ 45. Kg3 Rd3+ 46. Kg2 Rxh4 47. Rcxc2 Rg4+ 48. Kh2 Rd6 49. Ra5 g6 50. Rcc5 Kf6 51. Rc2 Rd3 52. Rc6+ Kg7 53. Rc2 Kh6 54. Rb5 Rh4+ 55. Kg2 Rg4+ 56. Kh2 Rdd4 57. Kh3 Rh4+ 58. Kg3 Rdg4+ 59. Kf3 Rh3+ 60. Ke2 Rh2+ 61. Kd3 Rxc2 62. Kxc2 Rd4 63. Kc3 Rd8 64. Rb7 h4 65. Rb8 Rxb8 0-1


[Site "https://www.chess.com"]

[Event "Titled Tuesday Blitz August 31 2021"]
[White "Csonka, Balazs"]
[Black "Hryshchenko, Kamila"]
[WhiteFideId "742910"]
[BlackFideId "14147491"]
[WhiteElo "2404"]
[BlackElo "1936"]
[Result "1-0"]
[Round "09"]
[TimeControl "180+1"]
[Date "2021.08.31"]
[WhiteClock "0:00:03"]
[BlackClock "0:00:05"]

1. e4 d5 2. exd5 Qxd5 3. Nc3 Qe5+ 4. Be2 Bg4 5. d4 Bxe2 6. Ngxe2 Qa5 7. O-O Nf6 8. b4 Qh5 9. d5 e6 10. dxe6 Bxb4 11. Rb1 Nc6 12. exf7+ Qxf7 13. a3 Ba5 14. Be3 O-O 15. Qd3 Bb6 16. Bxb6 axb6 17. a4 Rad8 18. Qf3 Qc4 19. Rfd1 Rde8 20. Qd3 Qh4 21. Qg3 Qc4 22. Qxc7 Rxe2 23. Nxe2 Qxe2 24. Qxb7 Ne5 25. Qxb6 Nfg4 26. Rf1 Qxc2 27. Qb3+ Qxb3 28. Rxb3 Ra8 29. Ra1 Nf6 30. a5 Nfd7 31. a6 Nc5 32. Rb5 Ned7 33. a7 Kf7 34. g3 Ke6 35. f4 Kd6 36. Kf2 Kc6 37. Rbb1 1-0


[Site "https://www.chess.com"]

[Event "Titled Tuesday Blitz August 31 2021"]
[White "Danielian, Vardan"]
[Black "Serikbay, Assel"]
[WhiteFideId "13301594"]
[BlackFideId "13706799"]
[WhiteElo "2518"]
[BlackElo "2044"]
[Result "1-0"]
[Round "09"]
[TimeControl "180+1"]
[Date "2021.08.31"]
[WhiteClock "0:00:08"]
[BlackClock "0:00:24"]

1. Nf3 d5 2. d4 Nf6 3. c4 c6 4. Nc3 dxc4 5. e4 b5 6. e5 Nd5 7. Ng5 Bf5 8. Qf3 e6 9. Nxf7 Kxf7 10. g4 g6 11. gxf5 exf5 12. Bg2 Nb4 13. O-O Nc2 14. e6+ Kg7 15. Rb1 Nxd4 16. Qe3 Qf6 17. Rd1 Bc5 18. Qh6+ Kg8 19. Be3 Nxe6 20. Nd5 Qg7 21. Qxg7+ Kxg7 22. Bxc5 Nxc5 23. Nc7 Nba6 24. Nxa8 Rxa8 25. Bxc6 Rb8 26. Rd5 Nd3 27. Rxb5 Rd8 28. Rb7+ Kh6 29. Bb5 Nac5 30. Rxa7 Ne4 31. Rd7 Rb8 32. Bxc4 Ndxf2 33. Bf1 Ng4 34. b4 Ne5 35. Re7 Nf3+ 36. Kg2 Nfd2 37. Rb2 Nc4 38. Bxc4 Rc8 39. Rxe4 fxe4 40. Bb3 e3 41. Kf3 Re8 42. Ke2 Kg5 43. b5 Kf4 44. b6 Rb8 45. Bc4 Rc8 46. b7 Rb8 47. Be6 g5 48. Bc8 g4 49. a4 Ke5 50. a5 Kd4 51. a6 h5 52. a7 h4 53. axb8=Q g3 54. Qd6+ 1-0


[Site "https://www.chess.com"]

[Event "Titled Tuesday Blitz August 31 2021"]
[White "De Silva, L M S T"]
[Black "Rustemov, Alexander"]
[WhiteFideId "9953698"]
[BlackFideId "4119002"]
[WhiteElo "1621"]
[BlackElo "2760"]
[Result "1/2-1/2"]
[Round "09"]
[TimeControl "180+1"]
[Date "2021.08.31"]
[WhiteClock "0:00:06"]
[BlackClock "0:00:09"]

1. e4 e6 2. d4 d5 3. Nc3 Bb4 4. e5 c5 5. a3 Bxc3+ 6. bxc3 Ne7 7. h4 Qc7 8. Bd2 b6 9. h5 h6 10. Qg4 Rg8 11. Bd3 Kf8 12. Nf3 Ba6 13. Qf4 Bxd3 14. cxd3 Nd7 15. g4 c4 16. g5 hxg5 17. Nxg5 Nf5 18. h6 gxh6 19. Rxh6 Ke7 20. Rh7 Raf8 21. Ke2 cxd3+ 22. Kf3 Rg7 23. Rxg7 Nxg7 24. Rh1 Nf5 25. Rh7 Qc4 26. Qg4 Qb3 27. Kg2 Kd8 28. Rxf7 Rxf7 29. Nxf7+ Kc7 30. Qg8 Nb8 31. Qe8 Qd1 32. Qxe6 Qg4+ 33. Kh2 Nc6 34. Nd6 Qh5+ 35. Kg1 Qd1+ 36. Kh2 Qh5+ 37. Kg1 Qg4+ 38. Kh2 Qh5+ 1/2-1/2


[Site "https://www.chess.com"]

[Event "Titled Tuesday Blitz August 31 2021"]
[White "Degenbaev, Aziz"]
[Black "Golubev, Mikhail"]
[WhiteFideId "13802640"]
[BlackFideId "14100983"]
[WhiteElo "1906"]
[BlackElo "2374"]
[Result "0-1"]
[Round "09"]
[TimeControl "180+1"]
[Date "2021.08.31"]
[WhiteClock "0:00:15"]
[BlackClock "0:00:12"]

1. e4 c5 2. Nf3 d6 3. d4 Nf6 4. Nc3 cxd4 5. Nxd4 Nc6 6. h3 g6 7. g4 Bg7 8. Be3 h5 9. g5 Nd7 10. Qd2 Nb6 11. O-O-O O-O 12. f4 Bd7 13. Rg1 Rc8 14. Kb1 Nxd4 15. Bxd4 e5 16. fxe5 dxe5 17. Be3 Be6 18. Qf2 Qe7 19. Bxb6 axb6 20. Nd5 Bxd5 21. Rxd5 Rfd8 22. Qxb6 Rxd5 23. exd5 e4 24. Bg2 Rd8 25. c4 Qxg5 26. Bxe4 Qh4 27. Qxb7 Qxe4+ 28. Ka1 Qe5 29. d6 Qxd6 30. Rf1 0-1


[Site "https://www.chess.com"]

[Event "Titled Tuesday Blitz August 31 2021"]
[White "Eljanov, Pavel"]
[Black "Leitao, Rafael"]
[WhiteFideId "14102951"]
[BlackFideId "2101246"]
[WhiteElo "2602"]
[BlackElo "2609"]
[Result "0-1"]
[Round "09"]
[TimeControl "180+1"]
[Date "2021.08.31"]
[WhiteClock "0:00:06"]
[BlackClock "0:00:06"]

1. Nf3 Nf6 2. g3 d5 3. Bg2 e6 4. c4 Be7 5. O-O O-O 6. Ne5 c6 7. d4 Nfd7 8. Nc3 Nxe5 9. dxe5 dxc4 10. Qc2 Nd7 11. Bf4 Qa5 12. Qe4 b5 13. Qxc6 Rb8 14. Rfd1 Nc5 15. Qf3 Bb7 16. Qg4 Rfc8 17. Bxb7 Rxb7 18. Nd5 Bf8 19. Rd4 Kh8 20. Rad1 Rbb8 21. Nf6 gxf6 22. exf6 Ra8 23. Bd6 Bh6 24. Qh5 Rg8 25. Qxh6 Rg6 26. Qh5 Nd7 27. Rh4 h6 28. Bf4 Nxf6 29. Qe5 Rd8 30. Rd4 Rxd4 31. Qxd4 Kg7 32. Bxh6+ Kg8 33. Bg5 Qe1+ 34. Kg2 Nh7 35. Qd8+ Kg7 36. Bd2 Qxe2 37. Bc3+ e5 38. Qd5 Rf6 39. Bxe5 Qxf2+ 40. Kh3 Qf1+ 41. Qg2 Qf5+ 42. Rg4+ Ng5+ 43. Kh4 Qh7+ 44. Kxg5 Qh6# 0-1


[Site "https://www.chess.com"]

[Event "Titled Tuesday Blitz August 31 2021"]
[White "FGHSMN"]
[Black "Van der Werf, Mark"]
[BlackFideId "1000470"]
[WhiteElo "2661"]
[BlackElo "2398"]
[Result "1-0"]
[Round "09"]
[TimeControl "180+1"]
[Date "2021.08.31"]
[WhiteClock "0:00:15"]
[BlackClock "0:00:05"]

1. b3 e5 2. Bb2 d6 3. c4 Nf6 4. e3 g6 5. d4 exd4 6. Bxd4 Nc6 7. Bb2 Bg7 8. Nf3 O-O 9. Be2 a5 10. O-O a4 11. bxa4 Bd7 12. Nc3 Ne4 13. Rc1 Nxc3 14. Bxc3 Bxc3 15. Rxc3 Qf6 16. Rb3 b6 17. Qc2 Ne5 18. Ra3 Nxf3+ 19. Bxf3 Ra5 20. Rc1 Qe5 21. h3 Qc5 22. Qb3 Re8 23. Bd5 Be6 24. Qc3 Bd7 25. h4 Bc6 26. h5 Bxd5 27. cxd5 Qxc3 28. Raxc3 Rxd5 29. hxg6 hxg6 30. Rxc7 Ra5 31. Rb7 Rxa4 32. Rcc7 Rf8 33. Rxb6 Rxa2 34. Rxd6 Ra5 35. g4 Ra4 36. f3 Kg7 37. Kf2 Ra1 38. Kg3 Ra4 39. e4 Ra5 40. Kf4 Ra3 41. e5 Ra4+ 42. Kg5 Ra5 43. Rxg6+ Kh7 44. Rh6+ Kg7 45. f4 Kg8 46. Rf6 Ra1 47. f5 Ra5 48. e6 fxe6 49. Rg6+ Kh8 50. Rc2 Ra7 51. Rh2+ Rh7 52. Rxh7+ Kxh7 53. Rh6+ Kg7 54. Rxe6 Rb8 55. Re7+ Kg8 56. f6 Rb4 57. Rd7 Ra4 58. Kf5 Rb4 59. g5 Ra4 60. Kg6 1-0


[Site "https://www.chess.com"]

[Event "Titled Tuesday Blitz August 31 2021"]
[White "Fier, Alexandr"]
[Black "Martin Duque, Jesus"]
[WhiteFideId "2107139"]
[BlackFideId "2208954"]
[WhiteElo "2569"]
[BlackElo "2224"]
[Result "1-0"]
[Round "09"]
[TimeControl "180+1"]
[Date "2021.08.31"]
[WhiteClock "0:00:48"]
[BlackClock "0:00:04"]

1. d4 Nf6 2. Bg5 b6 3. Bxf6 exf6 4. e4 Bb7 5. Nc3 g6 6. Bd3 Bg7 7. h4 h5 8. f4 O-O 9. Nf3 Re8 10. Kf2 d6 11. Qd2 Nd7 12. Rag1 f5 13. exf5 Nf6 14. fxg6 Ng4+ 15. Kg3 Rf8 16. gxf7+ Rxf7 17. Bg6 Rf6 18. Bxh5 Nh6 19. Ng5 Qf8 20. Re1 Nf5+ 21. Kh3 Rh6 22. g4 Nxd4 23. Bf7+ Kh8 24. Nce4 Nf3 25. Nxf3 Qxf7 26. Nfg5 Qg6 27. h5 Rf8 28. Kg3 Qe8 29. Qd3 Qc6 30. Rh2 d5 31. Nd2 Qd6 32. Rf2 c5 33. Re8 c4 34. Nf7+ Kg8 35. Nxd6 cxd3 36. Rxf8+ Kxf8 37. Nxb7 dxc2 38. Rf1 Bxb2 39. Nb3 Rc6 40. g5 a5 41. h6 a4 42. Nc1 d4 43. Nd3 Rc3 44. h7 Kg7 45. Rh1 Rxd3+ 46. Kg4 Kh8 47. g6 Rh3 48. Rxh3 c1=Q 49. g7+ Kxg7 50. h8=Q+ Kf7 51. Rh7+ Ke6 52. Qe5# 1-0


[Site "https://www.chess.com"]

[Event "Titled Tuesday Blitz August 31 2021"]
[White "Filippova, Margarita"]
[Black "Bilan, Danila"]
[WhiteFideId "34199680"]
[BlackFideId "24161918"]
[WhiteElo "1829"]
[BlackElo "2164"]
[Result "1-0"]
[Round "09"]
[TimeControl "180+1"]
[Date "2021.08.31"]
[WhiteClock "0:00:18"]
[BlackClock "0:00:01"]

1. Nf3 d5 2. d4 Nf6 3. c4 c6 4. Nc3 e6 5. Bg5 Nbd7 6. e3 Be7 7. Qc2 O-O 8. Rd1 b6 9. Bd3 Bb7 10. Ne5 h6 11. Bh4 c5 12. cxd5 Nxd5 13. Bxe7 Qxe7 14. Nxd7 Qxd7 15. Nxd5 Qxd5 16. e4 Qxd4 17. O-O Qf6 18. f4 e5 19. fxe5 Qxe5 20. Rf5 Qd4+ 21. Kh1 Rad8 22. Rff1 Qe3 23. Rfe1 Qg5 24. Qf2 Rd4 25. Bc2 Rfd8 26. Bb3 Rxd1 27. Qxf7+ Kh8 28. Rxd1 Rxd1+ 29. Bxd1 Bxe4 30. Qe8+ Kh7 31. Qxe4+ Kg8 32. Bb3+ Kf8 33. Qf3+ Ke7 34. Qf7+ Kd6 35. Qe6+ Kc7 36. Qe1 b5 37. h3 c4 38. Bc2 Qf6 39. Qa5+ Kc6 40. Be4+ Kc5 41. Qc7+ Kd4 42. Qc6 1-0


[Site "https://www.chess.com"]

[Event "Titled Tuesday Blitz August 31 2021"]
[White "Firat, Burak"]
[Black "Wagner, Dennis"]
[WhiteFideId "6305881"]
[BlackFideId "24650684"]
[WhiteElo "2531"]
[BlackElo "2355"]
[Result "0-1"]
[Round "09"]
[TimeControl "180+1"]
[Date "2021.08.31"]
[WhiteClock "0:00:32"]
[BlackClock "0:01:09"]

1. e4 e5 2. Nf3 Nc6 3. Bc4 Bc5 4. d3 Nf6 5. a4 d6 6. a5 a6 7. c3 Ba7 8. Qb3 O-O 9. O-O Ne7 10. Bg5 c6 11. Bxf6 gxf6 12. Qc2 f5 13. Bb3 Ng6 14. Nbd2 Kh8 15. Nc4 Qf6 16. Rad1 Rg8 17. d4 Nf4 18. g3 fxe4 19. dxe5 Nh3+ 0-1


[Site "https://www.chess.com"]

[Event "Titled Tuesday Blitz August 31 2021"]
[White "Florescu, Codrut-Constantin"]
[Black "Semcesen, Daniel"]
[WhiteFideId "1202200"]
[BlackFideId "1706993"]
[WhiteElo "2243"]
[BlackElo "2505"]
[Result "0-1"]
[Round "09"]
[TimeControl "180+1"]
[Date "2021.08.31"]
[WhiteClock "0:00:42"]
[BlackClock "0:00:11"]

1. d4 e6 2. e4 d5 3. Nc3 Nf6 4. Bg5 dxe4 5. Nxe4 Be7 6. Bxf6 Bxf6 7. Nf3 O-O 8. Bd3 b6 9. Qe2 Bb7 10. O-O-O Nd7 11. h4 Be7 12. g4 c5 13. g5 Qc7 14. Rhg1 c4 15. Nf6+ Nxf6 16. gxf6 Bxf6 17. Bxh7+ Kxh7 18. Ng5+ Bxg5+ 19. Rxg5 g6 20. Kb1 Qf4 21. Rdg1 Bf3 22. Qxc4 Rac8 23. Qb4 Be4 24. a3 Rxc2 25. Ka2 Bd5+ 26. Rxd5 exd5 27. Qxf8 Qxf2 28. Rb1 Qf6 29. h5 g5 30. Re1 Rf2 31. Re8 Qg7 32. Qe7 Qxd4 33. Qb4 Qxb4 34. axb4 f5 35. Re7+ Kh6 36. Rxa7 g4 37. Rb7 g3 38. Rxb6+ Kxh5 39. Rb8 Rf4 40. Rh8+ Kg4 41. b5 Rb4 42. Ka3 Rxb5 43. b4 Kf3 44. Ka4 Rb7 45. b5 Kf2 46. Rg8 f4 47. Ka5 f3 48. Ka6 Rxb5 49. Kxb5 g2 50. Kc5 g1=Q 51. Rxg1 Kxg1 52. Kxd5 f2 0-1


[Site "https://www.chess.com"]

[Event "Titled Tuesday Blitz August 31 2021"]
[White "Gabrielian, Artur"]
[Black "Seemann, Jakub"]
[WhiteFideId "4131002"]
[BlackFideId "21874697"]
[WhiteElo "2513"]
[BlackElo "1805"]
[Result "1-0"]
[Round "09"]
[TimeControl "180+1"]
[Date "2021.08.31"]
[WhiteClock "0:00:20"]
[BlackClock "0:00:20"]

1. e4 c5 2. Nf3 d6 3. d4 cxd4 4. Nxd4 Nf6 5. Nc3 a6 6. Bg5 e6 7. f4 h6 8. Bh4 Be7 9. Qf3 Qc7 10. O-O-O Nbd7 11. g4 g5 12. fxg5 Ne5 13. Qe2 Nfxg4 14. Kb1 hxg5 15. Bg3 Bd7 16. Rg1 O-O-O 17. Nf5 Bf8 18. h3 exf5 19. hxg4 f4 20. Nd5 Qc6 21. Bf2 Be6 22. Bd4 Bxd5 23. exd5 Qc7 24. Bg2 Bg7 25. Be4 Kb8 26. c3 Rhe8 27. Qc2 Bh8 28. Qb3 Nc4 29. Bxh8 Rxh8 30. Rd4 Ne3 31. Bd3 Ka7 32. Rc1 Qc5 33. Rb4 Rb8 34. Qa4 Nxd5 35. Rb5 Qc6 36. Qd4+ Nb6 37. Rxg5 Rh2 38. Rf5 Qg2 39. Bc2 Rh1 40. a4 Rxc1+ 41. Kxc1 Qf1+ 42. Bd1 Qc4 43. Rxf4 Qxd4 44. Rxd4 Rd8 45. Bb3 f6 46. a5 Nc8 47. Rf4 Rf8 48. g5 f5 49. g6 Ne7 50. g7 Rd8 51. Be6 d5 52. Rh4 Kb8 53. Rh8 Kc7 54. Rxd8 Kxd8 55. Bxd5 Kc7 56. g8=Q Nxg8 57. Bxg8 b6 58. axb6+ Kxb6 59. Kc2 Kc5 60. b4+ Kc6 61. Kd3 Kb6 62. c4 a5 63. bxa5+ Kxa5 64. Kd4 Kb6 65. c5+ Kc7 66. Bd5 f4 67. Bf3 Kd7 68. Kd5 Kc7 69. Ke5 Kd8 70. Kxf4 Kc7 71. Ke5 Kc8 72. Kd6 Kd8 73. Bg4 Ke8 74. Be6 Kf8 75. c6 Ke8 76. c7 Kf8 77. c8=Q+ Kg7 78. Qg8+ Kf6 79. Qf7+ Kg5 80. Qg7+ Kh4 81. Qg4# 1-0


[Site "https://www.chess.com"]

[Event "Titled Tuesday Blitz August 31 2021"]
[White "Goryachkina, Aleksandra"]
[Black "Stelmaszyk, Nico"]
[WhiteFideId "4147103"]
[BlackFideId "16200462"]
[WhiteElo "2441"]
[BlackElo "2119"]
[Result "1-0"]
[Round "09"]
[TimeControl "180+1"]
[Date "2021.08.31"]
[WhiteClock "0:02:08"]
[BlackClock "0:01:58"]

1. e4 e5 2. Nf3 Nf6 3. Nxe5 Nxe4 4. Qe2 Qe7 5. Qxe4 d6 6. d4 dxe5 7. dxe5 Nc6 8. Nc3 Qxe5 9. Qxe5+ Nxe5 10. Nb5 Bb4+ 11. c3 Ba5 12. Bf4 f6 13. Bxe5 fxe5 14. Bd3 Bd7 15. Na3 O-O-O 16. O-O Bb6 17. Nc4 Bb5 18. Nxb6+ 1-0


[Site "https://www.chess.com"]

[Event "Titled Tuesday Blitz August 31 2021"]
[White "Guliev, Logman"]
[Black "Dang, Hoang Son"]
[WhiteFideId "13400061"]
[BlackFideId "12402435"]
[WhiteElo "2128"]
[BlackElo "2248"]
[Result "0-1"]
[Round "09"]
[TimeControl "180+1"]
[Date "2021.08.31"]
[WhiteClock "0:00:03"]
[BlackClock "0:00:21"]

1. e4 g6 2. d4 Bg7 3. Nc3 d6 4. h3 Nf6 5. Be3 O-O 6. f4 e5 7. dxe5 dxe5 8. Qxd8 Rxd8 9. fxe5 Nh5 10. Nge2 Bxe5 11. g4 Ng3 12. Nxg3 Bxg3+ 13. Bf2 Be5 14. Nd5 Be6 15. O-O-O Nc6 16. Bc4 Kg7 17. Be3 a6 18. Rhf1 h6 19. Bb3 Rd7 20. Bf4 Rad8 21. c3 Bxf4+ 22. Rxf4 Ne5 23. Kc2 g5 24. Rff1 Bxd5 25. exd5 Ng6 26. c4 Nf4 27. Rf3 c5 28. h4 Re7 29. hxg5 hxg5 30. Rd2 Rd6 31. Ba4 Re4 32. b3 Ng6 33. Rf5 f6 34. Rf3 Ne5 35. Rh3 Nxg4 36. Rdh2 Nxh2 37. Rxh2 f5 38. Kd3 g4 39. Rh5 Kg6 40. Rh8 Re7 0-1


[Site "https://www.chess.com"]

[Event "Titled Tuesday Blitz August 31 2021"]
[White "Gunina, Valentina"]
[Black "Przybylski, Wojciech"]
[WhiteFideId "4167570"]
[BlackFideId "1117599"]
[WhiteElo "2708"]
[BlackElo "2539"]
[Result "0-1"]
[Round "09"]
[TimeControl "180+1"]
[Date "2021.08.31"]
[WhiteClock "0:00:01"]
[BlackClock "0:00:04"]

1. d4 Nf6 2. c4 c6 3. Nf3 d5 4. e3 e6 5. Nc3 Nbd7 6. Qc2 Bd6 7. b3 O-O 8. Bb2 Qe7 9. Be2 b6 10. O-O Bb7 11. e4 dxe4 12. Nxe4 Nxe4 13. Qxe4 f5 14. Qc2 c5 15. Rfe1 Rae8 16. dxc5 Nxc5 17. Rad1 Ne4 18. Ne5 Bc5 19. Nd3 Bd6 20. Bf1 Qh4 21. Be5 Bxe5 22. Nxe5 Rd8 23. f3 Ng5 24. Qf2 Qh6 25. Rxd8 Rxd8 26. Qe3 Qf6 27. Nd3 Re8 28. Qe5 Nf7 29. Qxf6 gxf6 30. Nf4 Ne5 31. Rd1 Kf7 32. Rd6 Bc8 33. Kf2 Ke7 34. Rd2 Bb7 35. Ke3 Bc6 36. b4 Rg8 37. c5 bxc5 38. bxc5 Ng6 39. Nxe6 Bd7 40. Nd4 Rc8 41. Rc2 Ne5 42. Bd3 f4+ 43. Kd2 Bc6 44. Bxh7 Rd8 45. Kc3 Bd5 46. Bf5 Rb8 47. Nb3 a5 48. Nxa5 Rb5 49. Nb3 Bxb3 50. axb3 Rxc5+ 51. Kb2 Rb5 52. Be4 Rb4 53. Kc3 Rb8 54. Rd2 Rc8+ 55. Kb2 Rh8 56. h3 Rg8 57. Rc2 Rb8 58. Rd2 Nc4+ 59. Kc3 Nxd2 60. Kxd2 Rxb3 61. Ke2 Rb2+ 62. Kf1 Ke6 63. Kg1 f5 64. Bc6 Kf6 65. h4 Rb6 66. Bd5 Rb5 67. Bc6 Rc5 68. Bb7 Rc7 69. Bd5 Rh7 70. Kf2 Rxh4 71. Bc6 Ke5 72. Bd7 Kf6 73. Bc6 Rh6 74. Bd5 Kg5 75. Bc4 Kh4 76. Bd3 Rf6 77. Bc2 Rf7 78. Bd3 Rf8 79. Bc2 Kg5 80. Bd3 Rd8 81. Bc4 Rc8 82. Be6 Rc6 83. Bd7 Rd6 84. Bc8 Rc6 85. Bd7 Rc2+ 86. Kf1 Rd2 0-1


[Site "https://www.chess.com"]

[Event "Titled Tuesday Blitz August 31 2021"]
[White "Hampel, Felix"]
[Black "Dobrowolski, Piotr"]
[WhiteFideId "24668125"]
[BlackFideId "1106236"]
[WhiteElo "2288"]
[BlackElo "2296"]
[Result "0-1"]
[Round "09"]
[TimeControl "180+1"]
[Date "2021.08.31"]
[WhiteClock "0:00:05"]
[BlackClock "0:00:49"]

1. c4 e6 2. Nf3 c6 3. e3 d5 4. Nc3 Nf6 5. Qc2 a6 6. b3 b5 7. Bb2 Bd6 8. e4 b4 9. e5 bxc3 10. Bxc3 Be7 11. exf6 Bxf6 12. d4 O-O 13. Bd3 h6 14. g4 dxc4 15. bxc4 c5 16. O-O-O Bb7 17. d5 exd5 18. cxd5 c4 19. Bh7+ Kh8 20. Bf5 g6 21. Be4 Nd7 22. h4 Nc5 23. Bxg6 fxg6 24. Qxg6 Bxc3 25. Qxh6+ Kg8 26. Qg6+ Kh8 27. Qh6+ Kg8 28. Qg6+ Bg7 29. Ng5 Rf6 30. Qh7+ Kf8 0-1


[Site "https://www.chess.com"]

[Event "Titled Tuesday Blitz August 31 2021"]
[White "Hansen, Eric"]
[Black "Murzin, Volodar"]
[WhiteFideId "2606771"]
[BlackFideId "44155573"]
[WhiteElo "2568"]
[BlackElo "2541"]
[Result "1-0"]
[Round "09"]
[TimeControl "180+1"]
[Date "2021.08.31"]
[WhiteClock "0:00:38"]
[BlackClock "0:00:22"]

1. e4 c6 2. Nc3 d5 3. Nf3 dxe4 4. Nxe4 Nf6 5. d3 Nxe4 6. dxe4 Qxd1+ 7. Kxd1 Nd7 8. Nd2 e5 9. f3 f6 10. c3 Nb6 11. Nb3 Be6 12. Kc2 Nc4 13. Bxc4 Bxc4 14. Na5 Ba6 15. Be3 Bd6 16. b4 Bc7 17. Nb3 O-O-O 18. Rad1 Bc4 19. h4 h5 20. a4 b6 21. Rd2 Rxd2+ 22. Nxd2 Be6 23. Ra1 Rd8 24. c4 Bd6 25. Kc3 Bxb4+ 26. Kxb4 Rd3 1-0


[Site "https://www.chess.com"]

[Event "Titled Tuesday Blitz August 31 2021"]
[White "Hansen, Sune Berg"]
[Black "Sjugirov, Sanan"]
[WhiteFideId "1400266"]
[BlackFideId "4189302"]
[WhiteElo "2732"]
[BlackElo "2472"]
[Result "0-1"]
[Round "09"]
[TimeControl "180+1"]
[Date "2021.08.31"]
[WhiteClock "0:00:14"]
[BlackClock "0:00:16"]

1. e4 c5 2. Nc3 Nc6 3. Bb5 Nd4 4. Nf3 a6 5. Bd3 g6 6. O-O Bg7 7. Re1 Nc6 8. e5 d5 9. exd6 Qxd6 10. h3 Nf6 11. a3 O-O 12. Rb1 b5 13. b3 Bb7 14. Bb2 Rad8 15. Qe2 Rfe8 16. Ne4 Nxe4 17. Bxe4 Bxb2 18. Rxb2 e5 19. c3 f5 20. Bxc6 Qxc6 21. d3 e4 22. dxe4 fxe4 23. Nh2 e3 24. fxe3 Qf6 25. Ng4 Qg7 26. Rf1 Rf8 27. Rbb1 h5 28. Nh2 Qxc3 29. Nf3 Qd3 30. Qf2 Rde8 31. Qg3 Bxf3 32. gxf3 Rxe3 33. Kh1 Rexf3 0-1


[Site "https://www.chess.com"]

[Event "Titled Tuesday Blitz August 31 2021"]
[White "Harshavardhan G B"]
[Black "Obolentseva, Alexandra"]
[WhiteFideId "25059009"]
[BlackFideId "24153648"]
[WhiteElo "1825"]
[BlackElo "2113"]
[Result "1-0"]
[Round "09"]
[TimeControl "180+1"]
[Date "2021.08.31"]
[WhiteClock "0:01:48"]
[BlackClock "0:00:01"]

1. f4 d5 2. Nf3 c5 3. g3 Nc6 4. Bg2 Nf6 5. O-O g6 6. d3 Bg7 7. Nbd2 O-O 8. h3 Re8 9. e4 dxe4 10. dxe4 b5 11. e5 Nd5 12. Ne4 c4 13. Kh2 Bf5 14. Nh4 Bxe4 15. Bxe4 e6 16. Nf3 Rc8 17. Bd2 Qb6 18. Qe2 Rcd8 19. Rad1 Bf8 20. c3 Bc5 21. Ng5 Nce7 22. Qg4 Ne3 23. Bxe3 Bxe3 24. Qh4 h5 25. Nxf7 Rxd1 26. Rxd1 Kxf7 27. Qf6+ Kg8 28. Bxg6 Rf8 29. Qxe7 Bg1+ 30. Rxg1 Qf2+ 31. Rg2 1-0


[Site "https://www.chess.com"]

[Event "Titled Tuesday Blitz August 31 2021"]
[White "Haykoooo0o"]
[Black "Tokhirjonova, Gulrukhbegim"]
[BlackFideId "14203626"]
[WhiteElo "2400"]
[BlackElo "2236"]
[Result "0-1"]
[Round "09"]
[TimeControl "180+1"]
[Date "2021.08.31"]
[WhiteClock "0:00:15"]
[BlackClock "0:00:22"]

1. d4 Nf6 2. Nf3 e6 3. e3 d5 4. Bd3 c5 5. c3 Nc6 6. Nbd2 Bd6 7. Qe2 Qc7 8. O-O O-O 9. Re1 e5 10. dxc5 Bxc5 11. e4 d4 12. Nb3 Bb6 13. cxd4 exd4 14. h3 Re8 15. Bg5 Re6 16. Rac1 h6 17. Bh4 Nh5 18. Nfxd4 Nf4 19. Qd2 Rg6 20. Bg3 Rxg3 21. fxg3 Nxd4 22. Nxd4 Nxh3+ 23. gxh3 Qxg3+ 24. Kh1 Bxd4 25. Bf1 Be5 26. Qg2 Qh4 27. Rcd1 Be6 28. b3 Rc8 29. Rd3 g5 30. Be2 Qxe1+ 31. Qf1 Qxf1+ 32. Bxf1 Rc1 33. Kg2 Kg7 34. Be2 Rc2 35. Kf3 Bxh3 36. Rd5 Bf4 37. Bc4 h5 38. Rb5 Bg4# 0-1


[Site "https://www.chess.com"]

[Event "Titled Tuesday Blitz August 31 2021"]
[White "Hoffmann, Asa"]
[Black "Siniauski, Artsiom"]
[WhiteFideId "2001470"]
[BlackFideId "13512269"]
[WhiteElo "2117"]
[BlackElo "2210"]
[Result "0-1"]
[Round "09"]
[TimeControl "180+1"]
[Date "2021.08.31"]
[WhiteClock "0:00:01"]
[BlackClock "0:00:03"]

1. d4 Nf6 2. Bg5 e6 3. Nd2 d5 4. e3 c5 5. c3 Nc6 6. f4 Be7 7. Bd3 Nd7 8. Ngf3 Bxg5 9. Nxg5 h6 10. Nxe6 fxe6 11. Qh5+ Ke7 12. O-O Kd6 13. e4 cxd4 14. exd5 exd5 15. c4 Nf6 16. Qg6 Kc7 17. cxd5 Nxd5 18. Qxg7+ Bd7 19. Rac1 Qf6 20. Qg3 Rhg8 21. Qf3 Ne3 22. g3 Nxf1 23. Bxf1 Bg4 24. Qd5 Rad8 25. Qb5 d3 26. Bg2 Qd4+ 27. Kh1 Bd7 28. Nb3 Qe3 29. Rd1 Rge8 30. Nc5 b6 31. Nxd7 Re6 32. Ne5 Nxe5 33. fxe5 Qxe5 34. Qc4+ Kb8 35. Qg4 d2 36. h4 Qe2 37. Bf3 Qe1+ 38. Kh2 Qf2+ 39. Bg2 Re1 40. Qh5 Rxd1 41. Qe5+ Kc8 42. Qe6+ Rd7 43. Qe8+ Kc7 44. Qe5+ Kd8 45. Qb8+ Ke7 46. Qe5+ Kf7 47. Qh5+ Kg7 48. Qxd1 Qe1 49. Qg4+ Kf6 50. Qf4+ Ke7 0-1


[Site "https://www.chess.com"]

[Event "Titled Tuesday Blitz August 31 2021"]
[White "Isajevsky, Anton"]
[Black "Assaubayeva, Bibisara"]
[WhiteFideId "4142500"]
[BlackFideId "13708694"]
[WhiteElo "2510"]
[BlackElo "2232"]
[Result "1-0"]
[Round "09"]
[TimeControl "180+1"]
[Date "2021.08.31"]
[WhiteClock "0:00:02"]
[BlackClock "0:00:05"]

1. c4 Nf6 2. Nc3 g6 3. g3 Bg7 4. Bg2 O-O 5. e3 c5 6. Nge2 Nc6 7. O-O b6 8. d4 Bb7 9. b3 d6 10. Bb2 cxd4 11. exd4 e5 12. Qd2 Nd7 13. Rad1 exd4 14. Nb5 Nc5 15. Nexd4 Nxd4 16. Bxd4 Bxg2 17. Kxg2 Ne4 18. Qf4 Re8 19. Bxg7 Kxg7 20. Nxd6 Nxd6 21. Rxd6 Qe7 22. Rfd1 Qe4+ 23. Qxe4 Rxe4 24. Kf3 Rae8 25. R1d4 Re2 26. Rd2 Rxd2 27. Rxd2 Re6 28. Re2 Rd6 29. Ke3 g5 30. Rd2 Re6+ 31. Kd4 Rh6 32. f4 gxf4 33. gxf4 Rh4 34. Ke5 Kf8 35. f5 Ke7 36. f6+ Ke8 37. a4 Rh5+ 38. Kd6 Rf5 39. Kc7 Rxf6 40. Kb7 a5 41. Rd5 Re6 42. Rh5 h6 43. c5 bxc5 44. Rxc5 Re3 45. Rb5 Ke7 46. Kb6 f5 47. Rxf5 Rxb3+ 48. Kxa5 Rh3 49. Rf2 Rh4 50. Rd2 Rh3 51. Kb5 Rb3+ 52. Ka6 Rb1 53. a5 h5 54. Ka7 Ke6 55. a6 Rb4 56. Ka8 Rb6 57. a7 Ke7 58. Rd5 h4 59. Rh5 Kd7 60. Rxh4 Kc7 61. Rh7+ Kc8 62. h4 Rb1 63. h5 Rh1 64. h6 Rh2 65. Rh8+ Kc7 66. h7 Rh1 67. Rb8 1-0


[Site "https://www.chess.com"]